 Dungeon Crawl Stone Soup version 0.29.1-14-g9c671dbff4 (webtiles) character file.

Game seed: 7097571934382123483

70 KittyFluff the Trooper (level 4, -6/43 HPs)
             Began as a Gargoyle Berserker on Feb 16, 2023.
             Was a Believer of Trog.
             Mangled by a gnoll
             ... wielding a +0 halberd
              (11 damage)
             ... on level 2 of the Dungeon.
             The game lasted 00:04:15 (1327 turns).

KittyFluff the Trooper (Gargoyle Berserker)         Turns: 1327, Time: 00:04:16

Health: -6/43      AC:  5    Str: 20    XL:     4   Next: 21%
Magic:  4/4        EV: 12    Int:  8    God:    Trog [**....]
Gold:   27         SH:  0    Dex: 11    Spells: 3/3 levels left

rFire   . . .      SeeInvis .   a - +1 mace
rCold   . . .      Faith    .   (no shield)
rNeg    + . .      Spirit   .   b - +0 animal skin
rPois   ∞          Reflect  .   (no helmet)
rElec   +          Harm     .   (no cloak)
rCorr   .          Rampage  .   (no gloves)
Will    .....                   (no boots)
Stlth   ..........              f - amulet of the acrobat
HPRegen 0.14/turn               (no ring)
MPRegen 0.09/turn               (no ring)

@: berserking, very quick
A: sickness immunity, AC +3, negative energy resistance 1, electricity
resistance, torment resistance 1, petrification resistance
a: Renounce Religion, Berserk, Trog's Hand


You were on level 2 of the Dungeon.
You worshipped Trog.
Trog was pleased with you.
You visited 1 branch of the dungeon, and saw 2 of its levels.

You collected 27 gold pieces.

Inventory:

Hand Weapons
 a - a +1 mace (weapon)
Missiles
 c - 15 stones (quivered)
Armour
 b - a +0 animal skin (worn)
 e - a +0 ring mail
 k - a +0 ring mail
Jewellery
 f - an amulet of the acrobat (around neck)
Scrolls
 g - 2 scrolls of enchant weapon
 h - a scroll of identify {unknown}
 i - a scroll of torment {unknown}
 j - a scroll of magic mapping {unknown}
 l - a scroll of enchant armour {unknown}
 m - a scroll of noise {unknown}
Potions
 d - 3 potions of mutation {unknown}


   Skills:
 + Level 3.9 Fighting
 + Level 3.8 Maces & Flails
 * Level 2.6 Armour
 + Level 2.1 Dodging
 + Level 0.7 Stealth


You had 3 spell levels left.
You didn't know any spells.
Your spell library was empty.

Dungeon Overview and Level Annotations

Branches:
Dungeon (2/15)

Altars:


Innate Abilities, Weirdness & Mutations

You are immune to sickness and miasma.
Your stone body is resilient. (AC +3)
You are immune to poison.
You resist negative energy. (rN+)
You are resistant to electric shocks. (rElec)
You are resistant to unholy torment.
You are immune to petrification.


Message History

The giant cockroach is moderately wounded.
The giant cockroach barely misses you.
You hit the giant cockroach.
The giant cockroach is almost dead.
The giant cockroach completely misses you.
The giant cockroach barely misses you.
You sock the giant cockroach!
You kill the giant cockroach!
Trog accepts your kill.
Found a stone staircase leading down.
The gnoll completely misses you.
You closely miss the gnoll. The gnoll misses you.
A gnoll comes into view. It is wielding a +0 halberd.
The gnoll shouts!
You thump the gnoll!
The gnoll is almost dead.
The gnoll misses you.
You hit the gnoll but do no damage.
The gnoll is almost dead.
The gnoll barely misses you.
You closely miss the gnoll.
The gnoll is almost dead.
The gnoll misses you. x2; The gnoll barely misses you.
You hit the gnoll. Your punch misses the gnoll.
The gnoll is lightly wounded.
The gnoll closely misses you. The gnoll hits you with a +0 flail!
The gnoll hits you with a +0 whip. The gnoll barely misses you. x2
The gnoll hits you with a +0 flail.
* * * LOW HITPOINT WARNING * * *
A red film seems to cover your vision as you go berserk!
You feel yourself moving faster!
You feel mighty! The gnoll barely misses you.
The gnoll hits you with a +0 flail!
* * * LOW HITPOINT WARNING * * *
The gnoll closely misses you.
You sock the gnoll!
You kill the gnoll!
Trog accepts your kill.
You barely miss the gnoll.
The gnoll is lightly wounded.
The gnoll hits you with a +0 halberd!
You die...

#...#####.##.##.#
#...# #.##.##.#
#...# #<.......
#...# ####.####
#...# #># #
####.#### #.####
#.......# #...†.
####.##.##.###
######
#...g@.†......# #
#.##g#)#...##.# #
#.#.>.......
#.......##.#
####.#$## . .#.^.
.##### ..


You could see 2 gnolls.

Vanquished Creatures
  2 gnolls
  An adder (D:2)
  A dart slug (D:1)
  3 endoplasms (D:1)
  3 giant cockroaches
  3 goblins
  4 hobgoblins
  2 jackals (D:1)
  5 kobolds
  2 quokkas (D:1)
  2 ball pythons
  5 bats (D:1)
  A frilled lizard (D:1)
  2 rats (D:1)
36 creatures vanquished.

Notes
Turn   | Place    | Note
-------+----------+-------------------------------------------
     0 | D:1      | KittyFluff the Gargoyle Berserker began the quest for the
                  | Orb.
     0 | D:1      | Reached XP level 1. HP: 14/14 MP: 1/1
   131 | D:1      | Reached XP level 2. HP: 4/19 MP: 2/2
   802 | D:1      | Reached XP level 3. HP: 21/24 MP: 3/3
  1151 | D:2      | Reached ** piety under Trog
  1291 | D:2      | Reached XP level 4. HP: 26/29 MP: 4/4
  1327 | D:2      | Mangled by a gnoll

Illustrated notes

Levels and vault maps discovered:
D:1:      zaba_arrival_water, layout_basic
D:2:      layout_loops_cross, uniq_terence, uniq_robin

Skill      XL: |  1  2 |
---------------+-------+-----
Dodging        | 2 |  2.1
Fighting       | |  3.9
Maces & Flails | |  3.8
Armour         | |  2.6
Stealth        | |  0.7

Action                   |  1- 3 |  4- 6 || total
-------------------------+-------+-------++-------
Melee: Mace              |   102 |    11 ||   113
Invok: Berserk           |     1 |     1 ||     2
  Use: Scroll            |     1 |       ||     1
Armor: Animal skin       |    48 |     1 ||    49
Dodge: Dodged            |    78 |    16 ||    94
